 Dungeon Crawl Stone Soup version 0.32-a0-898-g7811c86cf0 (webtiles) character file.

Game seed: 6191264074554942915

8 ZingZang1235 the Chiller (level 2, -1/19 HPs)
             Began as a Merfolk Ice Elementalist on Apr 4, 2024.
             Slain by a jackal (3 damage)
             ... on level 2 of the Dungeon.
             The game lasted 00:09:04 (455 turns).

ZingZang1235 the Chiller (Merfolk Ice Elementalist)  Turns: 455, Time: 00:09:05

Health: -1/19      AC:  0    Str:  8    XL:     2   Next: 8%
Magic:  1/5        EV: 12    Int: 14    God:
Gold:   54         SH:  0    Dex: 14    Spells: 4/5 levels left

rFire   . . .        c - +0 hand axe
rCold   . . .        (no shield)
rNeg    . . .        (no body armour)
rPois   .            (no helmet)
rElec   .            (no cloak)
rCorr   .            (no gloves)
SInv    .            (no boots)
Will    .....        (no amulet)
Stlth   ++           (no ring)
HPRegen 0.23/turn    (no ring)
MPRegen 0.09/turn

%: no passive effects
@: no status effects
A: (nimble swimmer 2), mertail
a: no special abilities


You were on level 2 of the Dungeon.
You visited 1 branch of the dungeon, and saw 2 of its levels.

You collected 54 gold pieces.

Inventory:

Hand Weapons
 c - a +0 hand axe (weapon)
Armour
 a - a +0 robe
Scrolls
 d - a scroll of identify {unknown}
Potions
 b - a potion of magic
 e - a potion of haste {unknown}


   Skills:
 + Level 0.1 Axes
 + Level 2.9 Dodging
 + Level 2.2 Stealth
 + Level 2.0 Spellcasting
 + Level 4.7 Ice Magic


You had 4 spell levels left.
You knew the following spells:

 Your Spells              Type           Power      Damage    Failure   Level
a - Freeze                Ice            56%        1d7       3%          1

Your spell library contained the following spells:

 Spells                   Type           Power      Damage    Failure   Level
 Frozen Ramparts          Ice            28%        1d5       10%         3
 Ozocubu's Armour         Ice            14%        N/A       10%         3
 Summon Ice Beast         Ice/Summ       8%         N/A       26%         3


Dungeon Overview and Level Annotations

Branches:
Dungeon (1/15)

Altars:

Shops:
D:2 :


Innate Abilities, Weirdness & Mutations

((You are very nimble when in or above water. (Stealth+, EV+, Speed+++)))
Your lower body shifts to a powerful aquatic tail in water.


Message History

Press: ? - help, Shift-Dir - straight line, f - jackal
Aim: a jackal You freeze the jackal.
The jackal is almost dead.
c - a +0 hand axe (weapon)
The jackal misses you.
You hit the jackal but do no damage.
The jackal is almost dead.
You closely miss the jackal.
An adder comes into view.
The jackal completely misses you. The jackal bites you. x2
The jackal closely misses you.
The adder hisses angrily.
You hit the jackal.
You kill the jackal!
You hit the jackal. You hit the jackal but do no damage.
The jackal is moderately wounded.
You barely miss the jackal. The jackal bites you.
The jackal closely misses you. The jackal barely misses you.
The jackal misses you.
You closely miss the jackal.
The jackal is moderately wounded.
You closely miss the jackal. The jackal closely misses you.
The jackal completely misses you. The jackal bites you. x2
You hit the jackal.
The jackal is severely wounded.
You hit the jackal but do no damage. The jackal misses you.
The jackal completely misses you. The jackal bites you. The jackal misses you.
You closely miss the jackal.
The jackal is severely wounded.
You hit the jackal. The jackal bites you.
* * * LOW HITPOINT WARNING * * *
The jackal barely misses you. The jackal bites you.
* * * LOW HITPOINT WARNING * * *
The jackal closely misses you.
You hit the jackal but do no damage.
The jackal is severely wounded.
You miss the jackal. The jackal bites you.
You die...

#..#########.# .#####
#............. ......
#.########.### ......
#.# #...#.# ......##
#.# #.#.#.# .....#
#.# #.#...# .Sh# #.#
#.##### #h####.## #.#
#h@....(# #.#
##......# #.#
#....).###'#######
#.....###........#
#.....###....∩...#
####.....>..........#
#...................#
#..........>........#
#...................#


You could see an adder and 3 jackals.

Vanquished Creatures
  A ball python (D:1)
  An endoplasm (D:1)
  A hobgoblin (D:2)
  A jackal (D:2)
  A quokka (D:1)
  A bat (D:2)
  A kobold (D:2)
7 creatures vanquished.

Notes
Turn   | Place    | Note
-------+----------+-------------------------------------------
     0 | D:1      | ZingZang1235 the Merfolk Ice Elementalist began the quest
                  | for the Orb.
     0 | D:1      | Reached XP level 1. HP: 13/13 MP: 3/3
   214 | D:1      | You fall into a shaft and drop 1 floor!
   297 | D:2      | Found Sugerch's Book Shop.
   446 | D:2      | Reached XP level 2. HP: 19/19 MP: 1/5
   455 | D:2      | Slain by a jackal

Illustrated notes

Levels and vault maps discovered:
D:1:      minmay_arrival_loop, layout_basic, minivault_11,
          hangedman_decor_points, st_stairs_12
D:2:      layout_basic, serial_shops, shop, serial_bayou_pond_a

Action                     || total
---------------------------++-------
  Melee: Hand axe          ||    14
   Cast: Freeze            ||     6
 Armour: Skin              ||    14
  Dodge: Dodged            ||    20

Table legend: (Time is in decaauts)
 A = Elapsed time spent in this place.
 B = Non-inter-level travel time spent in this place.
 C = Inter-level travel time spent in this place.
 D = Time resting spent in this place.
 E = Time spent auto-exploring this place.
 F = Levels seen in this place.
 G = Mean time per level.
                   A        B        C        D        E       F      G
               +--------+--------+--------+--------+--------+-----+--------+
         Total |    456 |    456 |      0 |      0 |      0 |   2 |  228.0 |
       Dungeon |    456 |    456 |      0 |      0 |      0 |   2 |  228.0 |
               +--------+--------+--------+--------+--------+-----+--------+

Top non-repeatable levels by time:
     D:2: 241 daAuts
     D:1: 214 daAuts
